Map: Bridgehead LE (Void)

Players

Namshar

  • Race: Zerg Zerg
  • League: Grandmaster

Bobby (TheStC) - Winner!

  • Race: Terran Terran
  • League: Master

Event: Lycan League Weekly July #1

VOD

Have the link to the VOD?

Description

Time

  • Played on: July 20, 2015, 2:35 p.m.
  • Length: 10:28

All games in this series

Show
View Real Time Build Order
Export as new Build Order

Namshar Zerg 

Build Orders: Hatch First, Muta Ling Bane 

Get SALT Encoding   

  12  0:01  Drone  
  13  0:10  Drone  
  14  0:20  Drone, Extractor  
  14  0:21  Drone, Extractor  
  16  0:44  Hatchery  
  15  0:56  Spawning Pool  
  14  1:01  Drone, Extractor  
  14  1:07  Overlord  
  14  1:13  Extractor  
  14  1:14  Drone  
  15  1:26  Drone x2  
  17  1:34  Drone  
  18  1:42  Queen  
  18  1:45  Drone  
  21  1:56  Queen  
  23  2:01  Metabolic Boost  
  23  2:03  Zergling x2  
  23  2:05  Zergling x2  
  25  2:13  Overlord  
  25  2:17  Drone x2  
  27  2:32  Drone x3  
  30  2:41  Drone, Overlord  
  31  2:50  Drone x2  
  33  2:53  Drone x3  
  36  2:58  Overlord  
  36  3:02  Zergling x2  
  36  3:03  Zergling x2  
  36  3:05  Drone x2  
  40  3:08  Drone x2  
  42  3:22  Hatchery  
  42  3:25  Drone  
  42  3:26  Drone x2  
  44  3:33  Drone x2, Extractor  
  45  3:34  Drone  
  45  3:35  Overlord  
  45  3:39  Overlord  
  46  3:46  Queen x2  
  50  3:52  Overlord  
  51  4:02  Drone  
  51  4:03  Drone x7  
  58  4:12  Drone x4  
  62  4:20  Overlord  
  62  4:25  Zergling x6  
  65  4:38  Zergling x16  
  66  4:40  Lair  
  66  4:45  Queen  
  73  4:46  Overlord  
  73  4:50  Zergling x4  
  77  5:02  Overlord  
  77  5:04  Drone x5  
  69  5:15  Zergling x8  
  69  5:16  Zergling x4  
  69  5:19  Zergling x2  
  72  5:23  Zergling x2  
  73  5:29  Extractor  
  73  5:30  Extractor  
  73  5:31  Extractor  
  73  5:34  Extractor  
  69  5:38  Drone x2  
  69  5:39  Drone x3  
  69  5:41  Hatchery  
  69  5:42  Spire  
  72  5:43  Baneling Nest  
  69  6:00  Drone x3  
  69  6:03  Drone  
  69  6:04  Drone x3  
  75  6:05  Drone x4  
  75  6:06  Drone x2  
  75  6:07  Overlord x2  
  81  6:17  Overlord  
  82  6:18  Zergling x6  
  82  6:24  Zergling x2  
  84  6:27  Centrifical Hooks  
  84  6:30  Zergling x10  
  89  6:36  Zergling x2  
  89  6:37  Zergling x18  
  89  6:38  Baneling x2  
  89  6:39  Overlord  
  99  6:41  Baneling x2  
  99  6:46  Baneling x2  
  90  7:08  Drone  
  90  7:09  Drone x2  
  90  7:10  Zergling x2  
  90  7:11  Zergling x28  
  90  7:13  Queen  
  106  7:19  Zergling x4  
  105  7:27  Mutalisk x2  
  106  7:39  Mutalisk x7  
  118  7:45  Overlord x3  
  118  7:50  Queen  
  118  7:51  Mutalisk x3, Queen x2  
  122  7:52  Mutalisk x3  
  122  7:54  Mutalisk  
  138  8:01  Overlord x2  
  138  8:02  Overlord  
  138  8:13  Drone  
  138  8:14  Mutalisk x2  
  136  8:36  Mutalisk  
  136  8:37  Mutalisk x3  
  136  8:41  Queen  
  142  8:44  Drone x8  
  142  8:57  Baneling x3  
  142  8:58  Baneling x10  
  142  9:00  Queen  
  144  9:08  Baneling x6  
  144  9:10  Hatchery  
  143  9:18  Queen  
  143  9:22  Mutalisk x2, Baneling x2  
  149  9:25  Drone x4  
  149  9:26  Drone  
  154  9:31  Mutalisk  
  156  9:45  Mutalisk x2  
  158  9:47  Zergling x10  
  158  9:48  Zergling x12  
  171  9:54  Zergling x4  
  157  10:06  Baneling x4  
  157  10:07  Baneling x9  
Show
View Real Time Build Order
Export as new Build Order

Bobby Terran - Winner!

Build Orders: Reaper Expand, MMM Bio 

Get SALT Encoding   

  12  0:00  SCV  
  13  0:13  SCV  
  14  0:18  Supply Depot  
  14  0:25  SCV  
  15  0:39  SCV  
  15  0:41  Barracks  
  16  0:44  Refinery  
  16  0:52  SCV  
  17  1:04  SCV  
  18  1:16  SCV  
  19  1:28  Orbital Command  
  19  1:29  Reaper  
  20  1:39  Command Center  
  20  1:54  Supply Depot, SCV  
  20  2:01  Marine  
  22  2:04  Factory  
  23  2:08  SCV  
  23  2:20  SCV  
  23  2:21  Bunker  
  24  2:30  Barracks Reactor  
  24  2:32  SCV  
  25  2:44  SCV  
  25  2:50  Command Center  
  26  2:53  Orbital Command  
  26  2:58  SCV  
  27  3:10  SCV  
  28  3:15  Barracks Tech Lab  
  28  3:16  Hellion x2  
  32  3:20  SCV  
  32  3:22  SCV  
  34  3:32  SCV  
  35  3:34  SCV  
  35  3:35  Barracks  
  35  3:36  Stimpack  
  35  3:37  Barracks  
  38  3:41  Hellion  
  38  3:42  Hellion  
  38  3:47  SCV x2  
  38  3:48  Marine  
  43  3:52  Refinery  
  43  3:55  Refinery x2  
  43  3:59  SCV  
  43  4:00  SCV  
  45  4:06  Hellion x2, Marine  
  50  4:11  Orbital Command  
  50  4:14  SCV  
  51  4:18  SCV  
  51  4:22  Starport  
  51  4:23  Marine  
  53  4:27  SCV  
  53  4:30  SCV  
  55  4:35  Barracks Reactor, Orbital Command  
  55  4:36  Factory Reactor  
  55  4:39  SCV  
  55  4:41  Marine  
  55  4:42  SCV  
  55  4:45  Engineering Bay  
  58  4:46  Engineering Bay  
  58  4:49  Marine  
  58  4:50  Marine  
  60  4:53  SCV  
  60  4:59  Supply Depot  
  61  5:00  Supply Depot  
  61  5:07  Marine  
  61  5:09  Marine  
  61  5:10  SCV  
  61  5:11  Marine x2  
  61  5:14  Marine  
  61  5:15  SCV  
  61  5:18  SCV  
  61  5:20  Medivac x2  
  64  5:22  Terran Infantry Weapons Level 1, SCV, Terran Infantry Armor Level 1  
  64  5:25  Supply Depot  
  64  5:26  Factory Reactor  
  64  5:27  Supply Depot  
  64  5:28  Marine  
  65  5:31  Marine  
  65  5:32  Marine  
  65  5:34  Marine  
  65  5:35  Marine  
  70  5:37  SCV x3  
  73  5:48  Barracks x2  
  73  5:49  SCV x2  
  75  5:50  Marine  
  75  5:51  Marine  
  76  5:57  SCV  
  76  5:58  Medivac x2  
  76  5:59  Marine  
  76  6:00  Marine  
  76  6:01  SCV, Marine  
  85  6:05  Combat Shields  
  85  6:12  SCV x2  
  85  6:15  Bunker  
  85  6:18  Supply Depot  
  87  6:21  Armory  
  87  6:23  SCV  
  88  6:25  Supply Depot, SCV  
  88  6:26  SCV  
  88  6:31  Marine  
  88  6:32  Marine  
  92  6:40  Marine  
  92  6:41  Marine x2  
  95  6:48  SCV x3  
  95  6:49  Barracks Reactor, Marine  
  95  6:51  Barracks Reactor  
  97  6:56  Marine  
  97  6:57  Widow Mine x2  
  97  6:58  Marine x3  
  104  7:02  Starport  
  103  7:08  SCV  
  103  7:09  SCV x2  
  103  7:12  Refinery  
  103  7:13  Supply Depot  
  103  7:14  Supply Depot  
  103  7:15  Supply Depot  
  106  7:20  SCV, Liberator  
  106  7:21  Liberator  
  105  7:26  Marine x6  
  105  7:28  SCV, Marine x2  
  114  7:35  SCV x2  
  114  7:36  Marine  
  116  7:43  Terran Infantry Weapons Level 2, Terran Infantry Armor Level 2  
  122  7:49  Liberator x2  
  122  7:51  Marine x2  
  122  7:52  Refinery  
  122  7:54  Marine x3  
  122  7:56  SCV  
  128  8:04  Marine  
  129  8:11  Supply Depot  
  129  8:12  Supply Depot  
  135  8:14  Supply Depot, Widow Mine  
  137  8:21  Barracks  
  137  8:23  Barracks  
  137  8:25  Barracks  
  137  8:26  Command Center, Marine x2  
  134  8:29  Marine x5  
  134  8:30  Medivac  
  134  8:31  Medivac  
  134  8:32  Liberator x2  
  132  8:44  Marine x3  
  135  8:53  Marine x2  
  135  8:54  Marine x3  
  146  8:56  Marine  
  146  8:57  SCV  
  146  9:02  Marine x3  
  144  9:11  Marine x2  
  144  9:14  Barracks Tech Lab x3, Marauder  
  144  9:16  Medivac x2  
  151  9:19  Marine x2, Liberator x2  
  153  9:26  Missile Turret  
  153  9:27  Missile Turret  
  153  9:29  Missile Turret  
  153  9:32  Missile Turret, Marine  
  153  9:34  Marine x2  
  153  9:36  Marauder  
  157  9:43  SCV x2  
  157  9:45  Marine x2  
  149  9:48  SCV  
  149  9:49  SCV  
  149  10:07  Marine  
  149  10:08  Marine  
  149  10:09  Marine x2  
  149  10:10  Marine  
  149  10:11  SCV  

Tags
 
Add a new tag
Caveats
  • Supply blocks, unpowered buildings, or Contaminate may cause inaccurate times.
  • Supply counts are checked every 10 seconds.